PIO (24 & UNDER)
SEATTLE RAINIERS @ SASKATOON SMOKIN' GUNS
05/23/2023
 
TOP OF THE 1ST
Seattle Rainiers batting - Pitching for Saskatoon Smokin' Guns : RHP Bernardo Romero
Pitching: RHP Bernardo Romero
Batting: RHB Aaron Holt 0-0: Called Strike
0-1: Ball
1-1: SINGLE (Groundball, 56)
Batting: RHB Pedro Rodríguez 0-0: Ball
1-0: Foul Ball, location: 2F
1-1: Swinging Strike
1-2: Foul Ball, location: 2F
1-2: Ball
2-2: Strikes out swinging
Batting: LHB Brian Boone 0-0: Called Strike
0-1: Ball
1-1: Ball
2-1: DOUBLE (Groundball, 3L)
Aaron Holt to third
Batting: SHB Glenn Vadnais 0-0: Called Strike
0-1: Ball
1-1: Ball
2-1: Ball
3-1: SINGLE (Groundball, 23) (infield hit)
Batting: RHB Chris Parker 0-0: Called Strike
0-1: Ball
1-1: Foul Ball, location: 2F
1-2: DOUBLE (Flyball, 8RXD)
Aaron Holt scores
Brian Boone scores
Glenn Vadnais to third
Batting: LHB Norbert Mosley 0-0: Swinging Strike
0-1: Called Strike
0-2: Ball
1-2: Foul Ball, location: 2F
1-2: Ball
2-2: Ball
3-2: Base on Balls
Batting: RHB José Gómez 0-0: Ball
1-0: Grounds into double play, 5-4-3 (Groundball, 5)
Top of the 1st over - 2 run(s), 4 hit(s), 0 error(s), 2 left on base; Seattle 2 - Saskatoon 0
BOTTOM OF THE 1ST
Saskatoon Smokin' Guns batting - Pitching for Seattle Rainiers : RHP Beau Murphy
Pitching: RHP Beau Murphy
Batting: LHB Andrew Veeck 0-0: Fly out, F7 (Flyball, 78M)
Batting: RHB Eric Neal 0-0: Ground out 1-3 (Groundball, 13)
Batting: LHB Freddy Herrera 0-0: Ball
1-0: Foul Ball, location: 2F
1-1: Ground out 4-3 (Groundball, 4)
Bottom of the 1st over - 0 run(s), 0 hit(s), 0 error(s), 0 left on base; Seattle 2 - Saskatoon 0
TOP OF THE 2ND
Seattle Rainiers batting - Pitching for Saskatoon Smokin' Guns : RHP Bernardo Romero
Batting: SHB Francisco Lópes 0-0: Ball
1-0: Fly out, F6 (Popup, 6MD)
Batting: RHB Bill Dawson 0-0: Foul Ball, location: 2F
0-1: Ball
1-1: Ball
2-1: SINGLE (Line Drive, 9LS)
Batting: RHB Aaron Holt 0-0: Foul Ball, location: 2F
0-1: Called Strike
Bill Dawson steals 2nd base
0-2: Strikes out swinging
Batting: RHB Pedro Rodríguez 0-0: Ball
1-0: Ground out 4-3 (Groundball, 4)
Top of the 2nd over - 0 run(s), 1 hit(s), 0 error(s), 1 left on base; Seattle 2 - Saskatoon 0
BOTTOM OF THE 2ND
Saskatoon Smokin' Guns batting - Pitching for Seattle Rainiers : RHP Beau Murphy
Batting: LHB Del Kennedy 0-0: Ball
1-0: SINGLE (Groundball, 3D)
Batting: RHB António Yánez 0-0: Ball
1-0: Called Strike
1-1: Ball
2-1: Fly out, F8 (Flyball, 89D)
Batting: RHB Pedro Núńez 0-0: SINGLE (Line Drive, 7LS)
Del Kennedy to second
Batting: RHB Kenny Thompson 0-0: Ball
1-0: Fly out, F9 (Flyball, 89M)
Batting: RHB Alvin Hampton 0-0: Swinging Strike
0-1: Ball
1-1: Ball
2-1: Ball
3-1: Foul Ball, location: 2F
3-2: Strikes out swinging
Bottom of the 2nd over - 0 run(s), 2 hit(s), 0 error(s), 2 left on base; Seattle 2 - Saskatoon 0
TOP OF THE 3RD
Seattle Rainiers batting - Pitching for Saskatoon Smokin' Guns : RHP Bernardo Romero
Batting: LHB Brian Boone 0-0: Foul Ball, location: 2F
0-1: Called Strike
0-2: Ball
1-2: Ball
2-2: Ball
3-2: Foul Ball, location: 2F
3-2: DOUBLE (Flyball, 9LM)
Batting: SHB Glenn Vadnais 0-0: Ball
Throwing error on steal attempt, E2
Brian Boone scores
1-0: Ground out 4-3 (Groundball, 34)
Batting: RHB Chris Parker 0-0: Ball
1-0: Called Strike
1-1: Ground out 1-3 (Groundball, 13S)
Batting: LHB Norbert Mosley 0-0: Called Strike
0-1: Ground out U3 (Groundball, 3)
Top of the 3rd over - 1 run(s), 1 hit(s), 1 error(s), 0 left on base; Seattle 3 - Saskatoon 0
BOTTOM OF THE 3RD
Saskatoon Smokin' Guns batting - Pitching for Seattle Rainiers : RHP Beau Murphy
Batting: SHB Mario Gómez 0-0: Ball
1-0: Swinging Strike
1-1: Foul Ball, location: 2F
1-2: Ball
2-2: Ground out 3-1 (Groundball, 34S)
Batting: LHB Andrew Veeck 0-0: Ball
1-0: Fly out, F8 (Flyball, 78M)
Batting: RHB Eric Neal 0-0: Ball
1-0: Called Strike
1-1: Ball
2-1: Called Strike
2-2: Foul Ball, location: 2F
2-2: Foul Ball, location: 2F
2-2: Ball
3-2: Strikes out swinging
Bottom of the 3rd over - 0 run(s), 0 hit(s), 0 error(s), 0 left on base; Seattle 3 - Saskatoon 0
TOP OF THE 4TH
Seattle Rainiers batting - Pitching for Saskatoon Smokin' Guns : RHP Bernardo Romero
Batting: RHB José Gómez 0-0: Called Strike
0-1: Foul Ball, location: 2F
0-2: Ball
1-2: Foul Ball, location: 2F
1-2: Ball
2-2: Strikes out swinging
Batting: SHB Francisco Lópes 0-0: Ball
1-0: Ball
2-0: SINGLE (Line Drive, 5D)
Batting: RHB Bill Dawson 0-0: Called Strike
0-1: Swinging Strike
0-2: Ball
Francisco Lópes steals 2nd base
1-2: Strikes out swinging
Batting: RHB Aaron Holt 0-0: Foul Ball, location: 2F
0-1: Ball
1-1: Foul Ball, location: 2F
1-2: Ball
2-2: Ball
Wild Pitch!
Francisco Lópes to third
3-2: Ground out 5-3 (Groundball, 5S)
Top of the 4th over - 0 run(s), 1 hit(s), 0 error(s), 1 left on base; Seattle 3 - Saskatoon 0
BOTTOM OF THE 4TH
Saskatoon Smokin' Guns batting - Pitching for Seattle Rainiers : RHP Beau Murphy
Batting: LHB Freddy Herrera 0-0: Ground out 4-3 (Groundball, 4)
Batting: LHB Del Kennedy 0-0: Ball
1-0: Foul Ball, location: 2F
1-1: Ball
2-1: Ball
3-1: Base on Balls
Batting: RHB António Yánez 0-0: SINGLE (Groundball, 6MD) (infield hit)
Del Kennedy to second
Batting: RHB Pedro Núńez 0-0: Called Strike
0-1: 3-RUN HOME RUN (Flyball, 7D), Distance : 434 ft
Batting: RHB Kenny Thompson 0-0: SINGLE (Flyball, 89M)
Batting: RHB Alvin Hampton 0-0: Called Strike
0-1: SINGLE (Line Drive, 7S)
Kenny Thompson to second
Batting: SHB Mario Gómez 0-0: Called Strike
0-1: Ball
1-1: Foul Ball, location: 2F
1-2: Strikes out swinging
Batting: LHB Andrew Veeck 0-0: Called Strike
0-1: Ground out 4-3 (Groundball, 4)
Bottom of the 4th over - 3 run(s), 4 hit(s), 0 error(s), 2 left on base; Seattle 3 - Saskatoon 3
TOP OF THE 5TH
Seattle Rainiers batting - Pitching for Saskatoon Smokin' Guns : RHP Bernardo Romero
Batting: RHB Pedro Rodríguez 0-0: Ball
1-0: Ground out 4-3 (Groundball, 4)
Batting: LHB Brian Boone 0-0: Called Strike
0-1: Ground out 4-3 (Groundball, 4M)
Batting: SHB Glenn Vadnais 0-0: Swinging Strike
0-1: Ball
1-1: Foul Ball, location: 2F
1-2: Strikes out looking
Top of the 5th over - 0 run(s), 0 hit(s), 0 error(s), 0 left on base; Seattle 3 - Saskatoon 3
BOTTOM OF THE 5TH
Saskatoon Smokin' Guns batting - Pitching for Seattle Rainiers : RHP Beau Murphy
Batting: RHB Eric Neal 0-0: Ball
1-0: Foul Ball, location: 2F
1-1: SINGLE (Line Drive, 6MD)
Batting: LHB Freddy Herrera 0-0: Called Strike
0-1: Ball
1-1: Fly out, F8 (Flyball, 8RXD)
Batting: LHB Del Kennedy 0-0: Ball
1-0: Fielders Choice at 2nd, 4-6 (Groundball, 4)
Batting: RHB António Yánez 0-0: Ball
1-0: Foul Ball, location: 2F
1-1: Ball
2-1: Ball
3-1: Called Strike
3-2: Foul Ball, location: 2F
3-2: SINGLE (Groundball, 56D)
Del Kennedy to second
Del Kennedy to third
Batting: RHB Pedro Núńez 0-0: Ball
1-0: SINGLE (Groundball, 56)
Del Kennedy scores
António Yánez to second
Batting: RHB Kenny Thompson 0-0: Called Strike
0-1: Ball
1-1: Ground out 5-3 (Groundball, 5L)
Bottom of the 5th over - 1 run(s), 3 hit(s), 0 error(s), 2 left on base; Seattle 3 - Saskatoon 4
TOP OF THE 6TH
Seattle Rainiers batting - Pitching for Saskatoon Smokin' Guns : RHP Bernardo Romero
Batting: RHB Chris Parker 0-0: Called Strike
0-1: Swinging Strike
0-2: Ball
1-2: Ball
2-2: Strikes out looking
Pitching: LHP Alfonso Quintero
Batting: LHB Norbert Mosley 0-0: Ball
1-0: Foul Ball, location: 2F
1-1: Swinging Strike
1-2: Ball
2-2: Ball
3-2: Foul Ball, location: 2F
3-2: Ground out 1-3 (Groundball, 13S)
Batting: RHB José Gómez 0-0: Fly out, F3 (Popup, 3F)
Top of the 6th over - 0 run(s), 0 hit(s), 0 error(s), 0 left on base; Seattle 3 - Saskatoon 4
BOTTOM OF THE 6TH
Saskatoon Smokin' Guns batting - Pitching for Seattle Rainiers : RHP Beau Murphy
Batting: RHB Alvin Hampton 0-0: Called Strike
0-1: Foul Ball, location: 2F
0-2: Foul Ball, location: 2F
0-2: Ball
1-2: Strikes out swinging
Batting: SHB Mario Gómez 0-0: Ball
1-0: Ball
2-0: Called Strike
2-1: Swinging Strike
2-2: Foul Ball, location: 2F
2-2: Strikes out swinging
Batting: LHB Andrew Veeck 0-0: Called Strike
0-1: Ball
1-1: Reached on Error, E7 (Flyball, 78M)
Pitching: LHP Jeff Stevenson
Batting: RHB Eric Neal 0-0: Ball
1-0: Called Strike
1-1: Ball
2-1: Ball
3-1: Foul Ball, location: 2F
3-2: Base on Balls
Batting: LHB Freddy Herrera 0-0: Ball
1-0: Ball
2-0: Foul Ball, location: 2F
2-1: Foul Ball, location: 2F
2-2: Ball
3-2: Base on Balls
Andrew Veeck to third
Eric Neal to second
Batting: LHB Del Kennedy 0-0: Ball
1-0: Ball
2-0: Ball
3-0: Called Strike
3-1: Base on Balls
Andrew Veeck scores
Eric Neal to third
Freddy Herrera to second
Batting: RHB António Yánez 0-0: Called Strike
0-1: Ball
1-1: Called Strike
1-2: Ball
2-2: Ball
3-2: Foul Ball, location: 2F
3-2: SINGLE (Groundball, 4D)
Eric Neal scores
Freddy Herrera to third
Del Kennedy to second
Freddy Herrera scores
Del Kennedy to third
Batting: RHB Pedro Núńez Pickoff Throw to First - Error! E1
Del Kennedy scores
António Yánez to second
0-0: Swinging Strike
0-1: Ball
1-1: Foul Ball, location: 2F
1-2: Strikes out swinging
Bottom of the 6th over - 4 run(s), 1 hit(s), 2 error(s), 1 left on base; Seattle 3 - Saskatoon 8
TOP OF THE 7TH
Seattle Rainiers batting - Pitching for Saskatoon Smokin' Guns : LHP Alfonso Quintero
Batting: SHB Francisco Lópes 0-0: Ball
1-0: Ball
2-0: Called Strike
2-1: Ball
3-1: Foul Ball, location: 2F
3-2: Foul Ball, location: 2F
3-2: Strikes out swinging
Batting: RHB Bill Dawson 0-0: Called Strike
0-1: Swinging Strike
0-2: Ball
1-2: Ball
2-2: Strikes out swinging
Batting: RHB Aaron Holt 0-0: Called Strike
0-1: Called Strike
0-2: Ball
1-2: Fly out, F9 (Popup, 89S)
Top of the 7th over - 0 run(s), 0 hit(s), 0 error(s), 0 left on base; Seattle 3 - Saskatoon 8
BOTTOM OF THE 7TH
Saskatoon Smokin' Guns batting - Pitching for Seattle Rainiers : LHP Jeff Stevenson
Batting: RHB Kenny Thompson 0-0: Swinging Strike
0-1: Fly out, F9 (Line Drive, 89M)
Batting: RHB Alvin Hampton 0-0: Ball
1-0: Foul Ball, location: 2F
1-1: Swinging Strike
1-2: Ball
2-2: Strikes out looking
Batting: SHB Mario Gómez 0-0: Ball
1-0: Foul Ball, location: 2F
1-1: DOUBLE (Line Drive, 7LS)
Pitching: RHP Edward Hastings
Batting: LHB Andrew Veeck 0-0: Called Strike
0-1: Ball
1-1: Swinging Strike
1-2: Foul Ball, location: 2F
1-2: Ball
2-2: Foul Ball, location: 2F
2-2: Strikes out swinging
Bottom of the 7th over - 0 run(s), 1 hit(s), 0 error(s), 1 left on base; Seattle 3 - Saskatoon 8
TOP OF THE 8TH
Seattle Rainiers batting - Pitching for Saskatoon Smokin' Guns : LHP Alfonso Quintero
Batting: RHB Pedro Rodríguez 0-0: Called Strike
0-1: Ball
1-1: Ball
2-1: Ball
3-1: Foul Ball, location: 2F
3-2: Strikes out swinging
Batting: LHB Brian Boone 0-0: Called Strike
0-1: Fly out, F4 (Popup, 4)
Batting: SHB Glenn Vadnais 0-0: Ball
1-0: Swinging Strike
1-1: Called Strike
1-2: Ball
2-2: Ball
3-2: Strikes out looking
Top of the 8th over - 0 run(s), 0 hit(s), 0 error(s), 0 left on base; Seattle 3 - Saskatoon 8
BOTTOM OF THE 8TH
Saskatoon Smokin' Guns batting - Pitching for Seattle Rainiers : RHP Edward Hastings
Batting: RHB Eric Neal 0-0: Fly out, F5 (Popup, 56)
Batting: LHB Freddy Herrera 0-0: Ball
1-0: Called Strike
1-1: Fly out, F6 (Popup, 6D)
Batting: LHB Del Kennedy 0-0: Ball
1-0: Called Strike
1-1: Ball
2-1: Called Strike
2-2: Foul Ball, location: 2F
2-2: Ball
3-2: Strikes out looking
Bottom of the 8th over - 0 run(s), 0 hit(s), 0 error(s), 0 left on base; Seattle 3 - Saskatoon 8
TOP OF THE 9TH
Seattle Rainiers batting - Pitching for Saskatoon Smokin' Guns : LHP Alfonso Quintero
Now in CF: Xavier López
Batting: RHB Chris Parker 0-0: Foul Ball, location: 2F
0-1: Called Strike
0-2: Ball
1-2: Ball
2-2: Ball
3-2: Strikes out swinging
Batting: LHB Norbert Mosley 0-0: Ball
1-0: Foul Ball, location: 2F
1-1: Ball
2-1: Swinging Strike
2-2: Fly out, F3 (Popup, 3F)
Pitching: RHP Lorenzo Montáńez
Batting: RHB José Gómez 0-0: Ball
1-0: Called Strike
1-1: Ground out 4-3 (Groundball, 4S)
Top of the 9th over - 0 run(s), 0 hit(s), 0 error(s), 0 left on base; Seattle 3 - Saskatoon 8
This league is powered by Out of the Park Baseball, the baseball management simulation game for PC, Mac and Linux
Wednesday, December 2nd, 2015 - OOTP Baseball 16.8 Build 38